 Dungeon Crawl Stone Soup version 0.28-a0-909-g796cbd3a86 (webtiles) character file.

Game seed: 16954445865120030323

4953 BinkBink the Carver (level 10, -2/75 (83) HPs)
             Began as a Demigod Fighter on Nov 25, 2021.
             Slain by a two-headed ogre (19 damage)
             ... on level 8 of the Dungeon.
             The game lasted 00:29:31 (15176 turns).

BinkBink the Carver (Demigod Fighter)              Turns: 15176, Time: 00:29:31

HP:   -2/75 (83)    AC: 12    Str: 41    XL:     10   Next: 7%
MP:   13/13         EV: 10    Int: 12    God:
Gold: 287           SH:  5    Dex: 13    Spells: 9/9 levels left

rFire   + . .      SeeInvis .   y - +6 scimitar of Moderation {vorpal, *Slow Fly rF+ Str+6}
rCold   . . .      Faith    .   c - +0 buckler
rNeg    + . .      Spirit   .   b - +0 scale mail
rPois   .          Reflect  .   j - +0 helmet
rElec   .          Harm     .   (no cloak)
rCorr   .          Rampage  .   J - +1 pair of gloves {archery}
Will    +....                   (no boots)
Stlth   ..........              (no amulet)
HPRegen 0.22/turn               f - +6 ring of strength
MPRegen 0.13/turn               h - ring of positive energy

@: flying, drained
A: high mp 1, forlorn, clever 1
a: no special abilities


You were on level 8 of the Dungeon.
You visited 1 branch of the dungeon, and saw 10 of its levels.

You collected 549 gold pieces.
You spent 262 gold pieces at shops.

Inventory:

Hand Weapons
 a - a +0 long sword
 y - the +6 scimitar of Moderation (weapon) {vorpal, *Slow Fly rF+ Str+6}
   (You acquired it on level 8 of the Dungeon)

   It inflicts extra damage upon your enemies.
   Str:       It affects your strength (+6).
   rF:        It protects you from fire.
   Fly:       It grants you flight.
   *Slow:     It may slow you when you take damage.
 C - the +5 spear of Departure {spect, rCorr}
   (You found it on level 8 of the Dungeon)

   When its wielder attacks, the weapon's spirit leaps out and strikes again.
   The spirit shares a part of any damage it takes with its wielder.
   rCorr:     It protects you from acid and corrosion.
Missiles
 r - 2 throwing nets (quivered)
Armour
 b - a +0 scale mail (worn)
 c - a +0 buckler (worn)
 j - a +0 helmet (worn)
 n - a +0 kite shield
 D - a +0 tower shield
 J - a +1 pair of gloves of archery (worn)
 M - +0 steam dragon scales
Jewellery
 f - a +6 ring of strength (left hand)
 h - a ring of positive energy (right hand)
 p - a ring of wizardry
 L - a +4 ring of evasion
Wands
 s - a wand of digging (8)
 t - a wand of flame (11)
 x - a wand of mindburst (14)
 K - a wand of acid (5)
Scrolls
 l - 3 scrolls of fog
 m - 2 scrolls of vulnerability
 q - 2 scrolls of amnesia
 u - a scroll of magic mapping
 z - 3 scrolls of teleportation
 A - a scroll of enchant armour
 E - a scroll of blinking {unknown}
 F - a scroll of noise {unknown}
 G - a scroll of fear {unknown}
 I - a scroll of torment {unknown}
Potions
 d - a potion of might
 e - a potion of ambrosia
 g - a potion of attraction
 i - 4 potions of lignification
 k - 2 potions of brilliance
 o - 5 potions of flight
 v - a potion of resistance
 w - a potion of curing


   Skills:
 + Level 5.7 Fighting
 * Level 8.7 Long Blades
 - Level 4.1 Polearms
 + Level 8.3 Armour
 - Level 0.1 Dodging
 + Level 4.9 Shields


You had 9 spell levels left.
You didn't know any spells.
Your spell library contained the following spells:

 Spells                   Type           Power      Damage    Failure   Level
 Slow                     Hex            0%         N/A       47%         1
 Confusing Touch          Hex            0%         N/A       85%         3
 Vampiric Draining        Necr           0%         2d6       85%         3


Dungeon Overview and Level Annotations

Branches:
Dungeon (10/15)            Temple (0/1) D:5            Lair (0/6) D:9
    Orc (0/2) D:10

Shops:
D:1 (   D:9 =[

Annotations:
D:8 1 runed translucent door, BlueGoblin's ghost, novice VSEn


Innate Abilities, Weirdness & Mutations

Your attributes grow dramatically as you level up.
You have an increased reservoir of magic. (+10% MP)
You shall have no god before yourself.
Your mind is acute. (Int +2)


Message History

You slash the two-headed ogre!
The two-headed ogre is moderately wounded.
The two-headed ogre hits you with a +0 giant club!!
The two-headed ogre misses you.
A centaur comes into view.
The centaur shouts!
The centaur wields a +0 shortbow.
The centaur shoots an arrow.
The arrow hits you!
The centaur shoots an arrow.
The arrow hits you but does no damage.
The centaur shoots an arrow.
The arrow closely misses you.
The centaur shoots an arrow.
The arrow closely misses you.
The centaur shoots an arrow.
The arrow closely misses you.
The centaur shoots an arrow.
The arrow misses you.
The centaur shoots an arrow.
The arrow barely misses you.
There is a stone staircase leading up here.
The two-headed ogre hits you with a +0 giant club!
The two-headed ogre hits you but does no damage.
You fly upwards.
There is a stone staircase leading down here.
The two-headed ogre closely misses you.
The two-headed ogre hits you but does no damage.
You see here a +0 broad axe.
The two-headed ogre barely misses you.
The two-headed ogre hits you with a +0 giant club.
The two-headed ogre hits you but does no damage.
The two-headed ogre closely misses you.
Things that are here:
37 arrows; a +0 shortbow
There is a stone staircase leading up, spattered with blood here.
The two-headed ogre hits you with a +0 giant spiked club!
You block the two-headed ogre's attack.
You fly upwards.
Level annotation: 1 runed translucent door, BlueGoblin's ghost, novice VSEn
There is a stone staircase leading down here.
There is a stone staircase leading up here.
There is a stone staircase leading up here.
The two-headed ogre hits you with a +0 giant spiked club!!
* * * LOW HITPOINT WARNING * * *
The two-headed ogre hits you with a +0 giant club!!
You die...

############## #..........).# ###
####.##########.# ..# #.......#
#.# #.#####.##.##.# #.#
#.......>.....#######.####
#..........##.#........#.#######
#.#####.##.##.#............)...#
#.# #.........@####.....[##).#
#.# #........<.O.#...........##
#.# #..........................
..#####.........##.#.#.###)###.#.
.....................#.#.....#.#.
####..##.#.#...###.#.###.#.#.###.
# #..##.#.#.#.# #.#.............
# ##.......#.#.# #.#.###.#.#.###.
# #...##.###.#.# #.#.#...#.#...#.


You could see a two-headed ogre.

Vanquished Creatures
  Pikel (D:5)
  2 centaur zombies
  Maggie (D:9)
  An unseen horror (D:8)
  A komodo dragon (D:9)
  Sigmund (D:5)
  2 shadows
  4 yaks
  A wraith (D:10)
  A steam dragon (D:9)
  A water moccasin (D:7)
  3 hell hounds (D:10)
  2 orc warriors
  2 sky beasts
  An ice beast (D:7)
  An ogre (D:5)
  2 centaurs
  A lemure (D:5)
  2 phantoms
  A wyvern zombie (D:6)
  2 scorpions
  A howler monkey (D:9)
  A hound (D:7)
  4 orc priests
  A gnoll shaman (D:7)
  A bullfrog skeleton (D:5)
  A centaur skeleton (D:6)
  Ijyb (D:5)
  An iguana (D:3)
  A scorpion zombie (D:5)
  A killer bee zombie (D:6)
  4 ogre zombies (D:10)
  A hound skeleton (D:4)
  A howler monkey zombie (D:9)
  A howler monkey skeleton (D:7)
  6 gnolls
  7 adders
  A shadow imp (D:8)
  3 ufetubi
  A dart slug (D:2)
  15 orcs
  6 endoplasms
  A giant cockroach (D:4)
  5 goblins
  7 hobgoblins
  5 jackals
  4 kobolds
  A quokka (D:1)
  7 ball pythons
  A bat (D:1)
  2 goblin zombies (D:10)
  A hobgoblin skeleton (D:10)
  A hobgoblin zombie (D:10)
  2 orc skeletons (D:10)
  10 orc zombies (D:10)
  3 rats
142 creatures vanquished.

Vanquished Creatures (others)
  4 plants (D:9)
4 creatures vanquished.

Grand Total: 146 creatures vanquished

Notes
Turn   | Place    | Note
-------+----------+-------------------------------------------
     0 | D:1      | BinkBink the Demigod Fighter began the quest for the Orb.
     0 | D:1      | Reached XP level 1. HP: 18/18 MP: 3/3
   125 | D:1      | Found Lussipedd's Antique Weapon Shop.
   285 | D:1      | Reached XP level 2. HP: 25/25 MP: 4/4
  1054 | D:2      | Reached XP level 3. HP: 27/31 MP: 5/5
  2489 | D:3      | Reached XP level 4. HP: 35/38 MP: 6/6
  3917 | D:4      | Reached XP level 5. HP: 43/45 MP: 7/7
  4208 | D:5      | Entered Level 5 of the Dungeon
  4307 | D:5      | Noticed an ogre
  4564 | D:5      | Noticed Ijyb
  4583 | D:5      | Killed Ijyb
  4679 | D:5      | Found a staircase to the Ecumenical Temple.
  4697 | D:5      | Noticed Sigmund
  4728 | D:5      | Killed Sigmund
  4729 | D:5      | Reached XP level 6. HP: 32/51 MP: 8/8
  4840 | D:5      | Noticed Pikel
  4861 | D:5      | Killed Pikel
  4862 | D:5      | Reached skill level 5 in Long Blades
  4862 | D:5      | Reached skill level 5 in Armour
  4862 | D:5      | Reached XP level 7. HP: 25/58 MP: 9/9
  5493 | D:6      | Noticed a yak
  5501 | D:6      | Noticed a yak
  5501 | D:6      | Noticed a yak
  5513 | D:6      | Killed a yak
  5863 | D:6      | Reached XP level 8. HP: 66/66 MP: 10/10
 10318 | D:8      | Identified the +5 spear of Departure {spect, rCorr}
 10481 | D:8      | Reached XP level 9. HP: 63/73 MP: 11/11
 10487 | D:8      | Reached skill level 5 in Fighting
 10497 | D:8      | Reached skill level 1 in Polearms
 10974 | D:8      | Killed an unseen horror
 11304 | D:8      | Found a runed translucent door.
 11306 | D:8      | Noticed BlueGoblin's ghost (novice VSEn)
 11306 | D:8      | Noticed an efreet
 11377 | D:9      | Noticed a two-headed ogre
 11631 | D:9      | Found Plog's Jewellery Boutique.
 11636 | D:9      | Found Orhoinad's Antique Armour Emporium.
 11644 | D:9      | Bought a pair of runed gloves for 262 gold pieces
 11749 | D:9      | Noticed Maggie
 11781 | D:9      | Killed Maggie
 12591 | D:9      | Found a staircase to the Lair.
 12592 | D:9      | Noticed a komodo dragon
 12978 | D:8      | Identified a scroll of acquirement
 12979 | D:8      | Acquired the +6 scimitar of Moderation {vorpal, *Slow Fly
                  | rF+ Str+6}
 12982 | D:8      | Gained mutation: Your mind is acute. (Int +2) [potion of
                  | mutation]
 13095 | D:9      | Killed a komodo dragon
 13806 | D:10     | Entered Level 10 of the Dungeon
 13839 | D:10     | Found a staircase to the Orcish Mines.
 14330 | D:10     | Reached XP level 10. HP: 82/83 MP: 13/13
 14576 | D:10     | Noticed a hell knight
 14986 | D:10     | Noticed a two-headed ogre
 15176 | D:8      | Slain by a two-headed ogre

Illustrated notes

Levels and vault maps discovered:
D:1:      dpeg_arrival_renting, layout_rooms, hellmonk_ecumenical_altar_zigzags,
          serial_shops, shop, serial_corexii_hall,
          chequers_hall_statues_corner_a, chequers_hall_statues_wall_a,
          corexii_hall_statues_l, corexii_hall_statues_i
D:2:      layout_basic, basic_altar, chequers_avenue,
          amcnicky_mini_rare_corridor_liquid
D:3:      layout_basic, minmay_fractal_squares_gapless_5
D:4:      layout_basic
D:5:      layout_basic, minmay_temple_entry_glass, serial_curves,
          eino_curves_01, eino_curves_01, glass_columns_a, uniq_pikel,
          uniq_ijyb, uniq_sigmund
D:6:      layout_rooms
D:7:      layout_basic
D:8:      layout_loops_ring, ebering_ghost_inner_flame, minmay_misc_feat_roman
D:9:      layout_cave_pools, david_lair_shrubbed, serial_glass, glass_columns_a,
          glass_columns_a, glass_columns_a, glass_columns_a,
          nicolae_wooded_promenade, st_stairs_4, uniq_maggie
D:10:     layout_basic, zin_treasury, zombieorc1_lemuel, minmay_rotating_lava

Skill      XL: |  1  2  3  4  5  6  7  8  9 |
---------------+----------------------------+-----
Armour         | 3 4 5 7 8 |  8.3
Long Blades    | 2 3 4 5 6 7 8 |  8.7
Shields        | 3 4 |  4.9
Fighting       | 3 4 5 |  5.7
Polearms       | 4 |  4.1
Dodging        | |  0.1

Action                   |  1- 3 |  4- 6 |  7- 9 | 10-12 || total
-------------------------+-------+-------+-------+-------++-------
Melee: Long sword        |    99 |   145 |   231 |       ||   475
       Spear             |       |       |    66 |       ||    66
       Scimitar          |       |       |    64 |    12 ||    76
  Use: Scroll            |       |     8 |     8 |       ||    16
       Potion            |       |     3 |     4 |       ||     7
Armor: Scale mail        |    37 |    56 |    87 |     8 ||   188
       Skin              |       |       |     7 |       ||     7
Dodge: Dodged            |    45 |    73 |   125 |    14 ||   257
Block: Buckler           |    20 |    42 |    68 |     2 ||   132

Table legend: (Time is in decaauts)
 A = Elapsed time spent in this place.
 B = Non-inter-level travel time spent in this place.
 C = Inter-level travel time spent in this place.
 D = Time resting spent in this place.
 E = Time spent auto-exploring this place.
 F = Levels seen in this place.
 G = Mean time per level.
                   A        B        C        D        E       F      G
               +--------+--------+--------+--------+--------+-----+--------+
         Total |  15292 |  14361 |    931 |      0 |  11385 |  10 | 1529.2 |
       Dungeon |  15292 |  14361 |    931 |      0 |  11385 |  10 | 1529.2 |
               +--------+--------+--------+--------+--------+-----+--------+

Top non-repeatable levels by time:
     D:5: 2840 daAuts
     D:8: 2301 daAuts
     D:4: 1848 daAuts
     D:9: 1695 daAuts
     D:7: 1403 daAuts
     D:3: 1340 daAuts
     D:6: 1214 daAuts
     D:2: 1113 daAuts
    D:10: 913 daAuts
     D:1: 622 daAuts
